 Dungeon Crawl Stone Soup version 0.30-a0-170-g85af917532 (webtiles) character file.

Game seed: 7212624165811754164

237 Decritt the Magician (level 6, -1/70 HPs)
             Began as a Djinni Conjurer on Oct 1, 2022.
             Slain by a gnoll
             ... wielding a +0 spear
              (6 damage)
             ... on level 3 of the Dungeon.
             The game lasted 00:04:37 (2914 turns).

Decritt the Magician (Djinni Conjurer)              Turns: 2914, Time: 00:04:37

Health: -1/70      AC: 23    Str:  6    XL:     6   Next: 28%
Gold:   86         EV:  2    Int: 22    God:
                   SH:  0    Dex: 11

rFire   . . .      SeeInvis .    (no weapon)
rCold   . . .      Faith    .    (no shield)
rNeg    . . .      Spirit   .    (body armour currently unavailable)
rPois   ∞          Reflect  .    (helmet currently unavailable)
rElec   .          Harm     .    (cloak currently unavailable)
rCorr   .          Rampage  .    (gloves currently unavailable)
Will    .....      NoTele   +    (boots unavailable)
Stlth   ++........               (no amulet)
HPRegen 0.21/turn                (no ring)
MPRegen 0.00/turn                (no ring)

@: mighty, tree-form (expiring), very slightly contaminated, slowed, very slow
A: stationary, stasis, torment immunity, boosted hp, sickness immunity, (fire
resistance 2), (cold vulnerability 1), float, innate caster, HP casting, extra
vitality 1
a: no special abilities


You were on level 3 of the Dungeon.
You were a tree.
You visited 1 branch of the dungeon, and saw 3 of its levels.

You collected 86 gold pieces.

Inventory:

Armour
 a - a +0 robe (melded)
 d - a +0 buckler
 e - a +0 cloak (melded)
Scrolls
 f - a scroll of acquirement {unknown}
 h - a scroll of teleportation {unknown}
 i - 3 scrolls of blinking {unknown}
 l - a scroll of immolation {unknown}
 n - a scroll of vulnerability {unknown}
Potions
 b - a potion of heal wounds {unknown}
 c - 2 potions of brilliance
 g - a potion of curing
 j - a potion of mutation {unknown}
 k - a potion of haste {unknown}
 m - a potion of lignification {unknown}
 p - a potion of flight {unknown}


   Skills:
 + Level 3.9 Fighting
 - Level 2.1 Dodging
 - Level 1.5 Stealth
 + Level 4.5 Spellcasting


You couldn't memorise any spells.
You knew the following spells:

 Your Spells              Type           Power      Damage    Failure   Level
a - Magic Dart            Conj           100%       1d8       1%          1
b - Searing Ray           Conj           50%        2d6       2%          2
c - Fulminant Prism       Conj/Hex       12%        3d9       16%         4
d - Dazzling Flash        Conj/Hex       50%        N/A       4%          3
e - Iskenderun's Mystic   Conj/Tloc      25%        2d7       16%         4
f - Sandblast             Erth           50%        2d12      1%          1
g - Wereblood             Tmut           25%        N/A       2%          2
Your spell library was empty.

Dungeon Overview and Level Annotations

Branches:
Dungeon (3/15)

Altars:
Okawaru


Innate Abilities, Weirdness & Mutations

You are a tree.
Your roots penetrate the ground, keeping you stationary.
You cannot be teleported.
You are immune to unholy pain and torment.
Your maximum health is greatly increased.
Your equipment is partially melded.
You are immune to sickness and miasma.
You are immune to poison.
((Your flesh is very heat resistant. (rF++)))
((You are vulnerable to cold. (rC-)))
You float through the air rather than walking.
You learn spells naturally, not from books.
Your magical power is your life essence.
You have superior vitality. (+4 MHP)


Message History

* * * LOW HITPOINT WARNING * * *
Your transformation is almost over.
The gnoll hits you but does no damage.
The searing ray hits the gnoll.
You kill the gnoll!
* * * LOW HITPOINT WARNING * * *
The gnoll hits you but does no damage.
Casting: Searing Ray (safe; 2% risk of failure)
Confirm with . or Enter, or press ? or * to list all spells.
Restarting spell: Searing Ray (safe; 2% risk of failure)
Press: ? - help, Shift-Dir - straight line, f - gnoll
Aim: a gnoll, wielding a +2 vorpal halberd (severely wounded, 82% to hit)
The searing ray hits the gnoll.
You kill the gnoll! (Press . to maintain the ray.)
* * * LOW HITPOINT WARNING * * *
The searing ray hits the gnoll!
The gnoll is severely wounded.
* * * LOW HITPOINT WARNING * * *
The gnoll hits you but does no damage.
Casting: Searing Ray (safe; 2% risk of failure)
Confirm with . or Enter, or press ? or * to list all spells.
Restarting spell: Searing Ray (safe; 2% risk of failure)
Press: ? - help, Shift-Dir - straight line, f - gnoll
Aim: a gnoll, wielding a +0 club (severely wounded, 82% to hit)
The searing ray misses the gnoll. (Press . to maintain the ray.)
* * * LOW HITPOINT WARNING * * *
The gnoll hits you but does no damage. x2
Casting: Searing Ray (safe; 2% risk of failure)
Confirm with . or Enter, or press ? or * to list all spells.
Restarting spell: Searing Ray (safe; 2% risk of failure)
Press: ? - help, Shift-Dir - straight line, f/p - gnoll
Aim: a gnoll, wielding a +0 club (severely wounded, 82% to hit)
You miscast Searing Ray.
You are very lightly contaminated with residual magic.
Nothing appears to happen.
* * * LOW HITPOINT WARNING * * *
The gnoll hits you from afar with a +0 spear.
You die...

#.# #.# #.###.# #.# # #.# #.#
#.# #.######^##### # #.# #.#
#.# #............. # #.# #.#
#.# ##########.### # #.# #.#
#.# ########..... # #.# #.# #.#
#.........### # #.# #.# #)#
#.#######.# ###.# #.# #<# #.#
#.# ....# #.# #♣## #.# #.#
##### #.# #g.# #.# #.#
###########.#####g# #.# #.#
..............# #.# #)# #.#
.......####.#.###.###.#######.#
######.# #.#.#...............#
... ..# #.............#####.#
.≈≈....# #...........#g......#
.≈..≈.............###########.#


You could see 2 gnolls.

Vanquished Creatures
  Natasha (thrice) (D:3)
  2 gnolls (D:3)
  10 adders (D:2)
  A worm (D:2)
  5 ball pythons
  10 bats
  2 endoplasms
  3 giant cockroaches
  4 goblins
  3 hobgoblins
  3 jackals (D:1)
  4 kobolds
  3 quokkas
  A frilled lizard (D:2)
  6 rats
60 creatures vanquished.

Notes
Turn   | Place    | Note
-------+----------+-------------------------------------------
     0 | D:1      | Decritt the Djinni Conjurer began the quest for the Orb.
     0 | D:1      | Decritt set off with the following spells memorised: Magic
                  | Dart, Searing Ray, Dazzling Flash, Fulminant Prism,
                  | Iskenderun's Mystic Blast.
     0 | D:1      | Reached XP level 1. HP: 15/15 MP: 0/0
   139 | D:1      | Reached XP level 2. HP: 17/22 MP: 0/0
   242 | D:1      | Reached skill level 1 in Fighting
   743 | D:1      | Reached XP level 3. HP: 25/27 MP: 0/0
   743 | D:1      | Learned a level 1 spell: Sandblast
  1226 | D:2      | Found a faded altar of an unknown god.
  1564 | D:2      | Reached XP level 4. HP: 27/33 MP: 0/0
  1708 | D:2      | Reached skill level 4 in Spellcasting
  1802 | D:2      | Reached XP level 5. HP: 21/40 MP: 0/0
  1802 | D:2      | Learned a level 2 spell: Wereblood
  2609 | D:3      | Found an iron altar of Okawaru.
  2639 | D:3      | Noticed Natasha
  2644 | D:3      | Killed Natasha
  2647 | D:3      | Noticed Natasha
  2652 | D:3      | Killed Natasha
  2653 | D:3      | Reached XP level 6. HP: 26/46 MP: 0/0
  2894 | D:3      | Noticed Natasha
  2907 | D:3      | Killed Natasha
  2914 | D:3      | Slain by a gnoll

Illustrated notes

Levels and vault maps discovered:
D:1:      minmay_arrival_four_loops, layout_loops_ring
D:2:      layout_basic, basic_ecumenical_altar, minmay_snake_closets
D:3:      layout_loops_ring, mainiacjoe_overflow_small_starburst, uniq_natasha

Skill      XL: |  1  2  3  4  5 |
---------------+----------------+-----
Fighting       | 1 2 3 |  3.9
Spellcasting   | 4 |  4.5
Dodging        | |  2.1
Stealth        | |  1.5

Action                   |  1- 3 |  4- 6 || total
-------------------------+-------+-------++-------
Melee: Unarmed           |     3 |     1 ||     4
 Cast: Magic Dart        |    57 |    61 ||   118
       Searing Ray       |     3 |    10 ||    13
  Use: Scroll            |       |     3 ||     3
       Potion            |       |     3 ||     3
Armor: Robe              |     2 |     3 ||     5
       Skin              |       |    15 ||    15
Dodge: Dodged            |    17 |    19 ||    36

Table legend: (Time is in decaauts)
 A = Elapsed time spent in this place.
 B = Non-inter-level travel time spent in this place.
 C = Inter-level travel time spent in this place.
 D = Time resting spent in this place.
 E = Time spent auto-exploring this place.
 F = Levels seen in this place.
 G = Mean time per level.
                   A        B        C        D        E       F      G
               +--------+--------+--------+--------+--------+-----+--------+
         Total |   2920 |   2890 |     30 |    530 |   2056 |   3 |  973.3 |
       Dungeon |   2920 |   2890 |     30 |    530 |   2056 |   3 |  973.3 |
               +--------+--------+--------+--------+--------+-----+--------+

Top non-repeatable levels by time:
     D:2: 1229 daAuts
     D:1: 1226 daAuts
     D:3: 465 daAuts
